 Dungeon Crawl Stone Soup version 0.20.0-15-g7f486f2 (webtiles) character file.

38201 skittles the Arsonist (level 13, -2/102 HPs)
             Began as a Grey Draconian Fire Elementalist on June 11, 2017.
             Was a High Priest of Vehumet.
             Slain by a spiny frog (10 damage)
             ... on level 5 of the Lair of Beasts.
             The game lasted 01:13:35 (19593 turns).

skittles the Arsonist (DrFE)                       Turns: 19593, Time: 01:13:36

Health: -2/102     AC: 17    Str: 11    XL:     13   Next: 62%
Magic:  27/37      EV: 14    Int: 21    God:    Vehumet [*****.]
Gold:   864        SH:  0    Dex: 11    Spells: 2/35 levels left

rFire    + . .     SeeInvis .   b - staff of fire
rCold    + . .     Gourm    .   (no shield)
rNeg     . . .     Faith    .   (armour unavailable)
rPois    +         Spirit   .   (helmet restricted)
rElec    .         Reflect  .   q - +2 cloak {rPois}
rCorr    .         Harm     .   (no gloves)
MR       .....                  o - +0 pair of boots
Stlth    ++........             (no amulet)
Regen    1.1/turn               e - ring of magical power
MPRegen  0.3/turn               f - ring of protection from cold

@: no status effects
A: walk through water, unfitting armour, sense surroundings 1, regeneration 2,
unbreathing, cold-blooded, AC +13
a: Renounce Religion


You were on level 5 of the Lair of Beasts.
You worshipped Vehumet.
Vehumet was extremely pleased with you.
You were hungry.

You visited 3 branches of the dungeon, and saw 19 of its levels.
You also visited: Labyrinth, Sewer and Ossuary.

You collected 984 gold pieces.
You spent 120 gold pieces at shops.

Inventory:

Hand Weapons
 a - the +7 halberd of Razur {drain, rElec}
   (You found it on level 12 of the Dungeon)

   A truly terrible weapon, it drains the life of those it strikes.
   It insulates you from electricity.
 n - the +6 rapier "Sailat" {pierce, Str+2}
   (You found it on level 8 of the Dungeon)

   It inflicts extra damage upon your enemies.
   It affects your strength (+2).
 t - a +1 scimitar of flaming
 H - a +2 broad axe
Armour
 o - a +0 pair of boots (worn)
 q - a +2 cloak of poison resistance (worn)
Magical Staves
 b - an uncursed staff of fire (weapon)
Jewellery
 e - a ring of magical power (left hand)
 f - a ring of protection from cold (right hand)
 g - a +4 ring of evasion
 m - an uncursed ring of see invisible
 G - an uncursed ring of flight
 Y - an uncursed ring of protection from magic
Wands
 F - a wand of digging (16/24)
Scrolls
 j - 3 scrolls of amnesia
 l - 5 scrolls of remove curse
 u - a scroll of silence {unknown}
 v - 7 scrolls of magic mapping
 w - a scroll of fear
 x - a scroll of fog {unknown}
 y - 5 scrolls of recharging
 D - a scroll of acquirement {unknown}
 E - 2 scrolls of summoning
 I - 3 scrolls of identify
 J - a scroll of enchant weapon
 K - a scroll of holy word
 L - 2 scrolls of blinking
 M - a scroll of vulnerability
 W - 2 scrolls of teleportation
Potions
 c - 7 potions of curing
 d - 5 potions of agility
 k - a potion of flight {unknown}
 p - 2 potions of lignification
 s - 2 potions of magic
 z - a potion of brilliance
 A - 2 potions of might
 Q - a potion of berserk rage
 R - a potion of invisibility
 T - a potion of heal wounds
 V - a potion of haste
 Z - a potion of cancellation
Books
 B - a book of Conjurations

   Spells                             Type                      Level
   a - Magic Dart                     Conjuration                  1
   b - Searing Ray                    Conjuration                  2
   c - Dazzling Spray                 Conjuration/Hexes            3
   d - Fulminant Prism                Conjuration/Hexes            4
   e - Force Lance                    Conjuration/Translocation    4
   f - Iskenderun's Mystic Blast      Conjuration                  4
Miscellaneous
 N - a crystal ball of energy
Comestibles
 h - 8 royal jellies
 i - 8 meat rations
 r - 22 fruits
 C - 4 bread rations


   Skills:
 + Level 6.1 Fighting
 + Level 5.5 Dodging
 - Level 1.7 Stealth
 + Level 11.8 Spellcasting
 + Level 12.5 Conjurations
 - Level 13.0 Fire Magic
 + Level 4.2 Earth Magic


You had 2 spell levels left.
You knew the following spells:

 Your Spells              Type           Power        Failure   Level  Hunger
a - Flame Tongue          Conj/Fire      #####        1%          1    None
b - Conjure Flame         Conj/Fire      #######.     1%          3    None
c - Sticky Flame          Conj/Fire      #######.     1%          4    #......
d - Fireball              Conj/Fire      #######...   1%          5    ####...
e - Dazzling Spray        Conj/Hex       #####.       1%          3    None
f - Mephitic Cloud        Conj/Pois/Air  ####....     1%          3    None
g - Stone Arrow           Conj/Erth      #####.       1%          3    None
h - Iskenderun's Battles  Conj/Chrm      #####...     3%          5    ####...
i - Iron Shot             Conj/Erth      #####.....   7%          6    ######.


Dungeon Overview and Level Annotations

Branches:
Dungeon (12/15)            Temple (1/1) D:6            Lair (6/6) D:9
  Swamp (0/4) Lair:3        Snake (0/4) Lair:4        Slime (0/5) Lair:6
    Orc (0/2) D:12

Altars:
Ashenzari
Cheibriados
Dithmenos
Elyvilon
Fedhas
Gozag
Hepliaklqana
Kikubaaqudgha
Makhleb
Okawaru
Qazlal
Ru
Sif Muna
Trog
Uskayaw
Vehumet
Xom
Yredelemnul
The Shining One

Shops:
D:10 ?

Portals:
Trove: D:12 (give 16 scrolls of teleportation)

Annotations:
D:12 exclusion: orange crystal statue
Lair:6 Torious's ghost, journeyman DECj


Innate Abilities, Weirdness & Mutations

You can walk through water.
Your dull iron-grey scales are very hard. (AC +13)
You cannot fit into any form of body armour.
You can survive without breathing.
You are cold-blooded and may be slowed by cold attacks.
You passively map a small area around you.
You heal very quickly.


Message History

The spiny frog stings you but does no damage.
The black mamba burns!
The spiny frog burns!
Vehumet accepts your kill.
You feel your power returning.
You feel a bit more experienced. The spiny frog stings you!
* * * LOW HITPOINT WARNING * * *
The black mamba barely misses you.
You feel much better.
The black mamba burns!
The spiny frog burns!
The black mamba closely misses you. The spiny frog stings you!
* * * LOW HITPOINT WARNING * * *
The black mamba bites you but does no damage.
The spiny frog stings you.
* * * LOW HITPOINT WARNING * * *
The black mamba burns!
The spiny frog burns!
The black mamba bites you.
* * * LOW HITPOINT WARNING * * *
You feel much better.
The black mamba burns!
The spiny frog burns!
The black mamba bites you!!
* * * LOW HITPOINT WARNING * * *
The spiny frog stings you!
You die...

, ,, ......
*,, , ,
....., , , ,
#...#,, ,*
##.8.# * , *
#....## *,
,* #.†...##
, , *
#..>...# ,
#..FS.#....,
* #...@#.# .
, #..8..## ,
........## *
#........ ,
#........
.##....... *
* ,.#....##
* * ,
,,...#.8.# ,
, ,,


You could see a black mamba (burning) and a spiny frog (burning).

Vanquished Creatures
  A minotaur (Lab)
  A hydra (Lair:4)
  The ghost of grindst0ne the Markscentaur, a journeyman CeHu of Trog (Lair:1)
  Erica (Lair:2)
  4 two-headed ogres
  Urug (Lair:2)
  3 unseen horrors
  A cyclops (D:12)
  2 ugly things (D:11)
  A manticore (D:11)
  The ghost of murphy the Archer, a novice CeHu (D:5)
  2 rime drakes
  12 spiny frogs
  6 komodo dragons
  3 trolls
  2 polar bears
  A hornet (D:11)
  A queen bee (D:8)
  Grinder (D:3)
  A tyrant leech (Lair:3)
  12 blink frogs
  2 hippogriffs
  2 redbacks (Lab)
  3 shadows
  3 wyverns
  A wraith (D:10)
  31 yaks
  Sigmund (D:3)
  6 basilisks
  Eustachio (D:4)
  4 hungry ghosts
  8 vampire mosquitoes
  A swamp worm (Lair:3)
  14 water moccasins
  Duvessa (D:4)
  7 porcupines
  2 ice beasts
  2 orc warriors (D:12)
  2 phantoms
  3 sky beasts
  2 necrophages (D:8)
  4 ogres
  20 wolves
  6 centaurs
  6 crocodiles
  Blork the orc (D:4)
  2 big kobolds
  18 bullfrogs
  An elf zombie (Ossuary)
  A gnoll sergeant (D:10)
  Dowan (D:4)
  3 scorpions
  A water moccasin skeleton (D:9)
  17 killer bees (D:8)
  2 howler monkeys (D:8)
  3 wights
  An electric eel (Lair:2)
  A centaur zombie (Ossuary)
  2 crimson imps
  A quasit (D:7)
  7 jellies
  4 hounds
  Crazy Yiuf (D:2)
  4 orc priests
  A bullfrog skeleton (D:9)
  8 iguanas
  4 orc wizards
  Jessica (D:2)
  Ijyb (D:4)
  9 worker ants
  3 big kobold zombies (Ossuary)
  A hound skeleton (D:10)
  2 mummies (Ossuary)
  A howler monkey zombie (D:5)
  18 adders
  2 howler monkey skeletons (D:4)
  4 river rats (Sewer)
  6 gnolls
  3 shadow imps
  An ooze (D:6)
  5 adder zombies
  2 adder skeletons
  2 worms (D:3)
  4 dart slugs
  4 leopard geckos
  19 orcs
  12 ball pythons
  7 giant cockroaches
  7 goblins
  10 hobgoblins
  12 jackals
  4 quokkas
  9 bats
  7 frilled lizards
  10 hobgoblin zombies (Ossuary)
  2 jackal zombies (Ossuary)
  12 kobolds
  9 kobold zombies (Ossuary)
  7 orc zombies (Ossuary)
  29 rats
  A rat zombie (Ossuary)
  A bush (D:9)
  A butterfly (Lair:4)
  3 fungi
  3 plants (D:9)
508 creatures vanquished.

Vanquished Creatures (others)
  A bat (D:3)
  9 fungi
  32 plants
42 creatures vanquished.

Grand Total: 550 creatures vanquished

Notes
Turn   | Place    | Note
-------+----------+-------------------------------------------
     0 | D:1      | skittles the Draconian Fire Elementalist began the quest for the Orb.
     0 | D:1      | Reached XP level 1. HP: 14/14 MP: 3/3
   446 | D:1      | Reached XP level 2. HP: 14/20 MP: 1/5
  1194 | D:1      | Reached XP level 3. HP: 23/26 MP: 6/6
  1594 | D:2      | Noticed Jessica
  1601 | D:2      | Killed Jessica
  1601 | D:2      | Reached XP level 4. HP: 20/33 MP: 8/8
  2251 | D:2      | Found a runed door.
  2255 | D:2      | Noticed Crazy Yiuf
  2271 | D:2      | Killed Crazy Yiuf
  2271 | D:2      | Reached skill level 4 in Fire Magic
  2429 | D:3      | Found a glowing drain.
  2436 | D:3      | Noticed Grinder
  2440 | Sewer    | Entered a sewer
  2630 | Sewer    | Reached XP level 5. HP: 32/38 MP: 9/9
  3031 | Sewer    | Reached XP level 6. HP: 23/45 MP: 11/11
  3035 | Sewer    | Reached skill level 5 in Fire Magic
  3331 | D:3      | Killed Grinder
  3331 | D:3      | Your scales start taking on a dull iron-grey colour.
  3331 | D:3      | Reached XP level 7. HP: 47/50 MP: 13/13
  3331 | D:3      | Gained mutation: You can survive without breathing. [Grey Draconian growth]
  3457 | D:3      | Noticed Sigmund
  3478 | D:3      | Killed Sigmund
  3769 | D:3      | Found a snail-covered altar of Cheibriados.
  4062 | D:3      | Learned a level 3 spell: Conjure Flame
  4067 | D:3      | Learned a level 4 spell: Sticky Flame
  4131 | D:4      | Noticed Ijyb
  4137 | D:4      | Killed Ijyb
  4222 | D:4      | Noticed Dowan
  4225 | D:4      | Noticed Duvessa
  4231 | D:4      | Killed Duvessa
  4231 | D:4      | Reached skill level 5 in Spellcasting
  4231 | D:4      | Reached skill level 6 in Fire Magic
  4234 | D:4      | Killed Dowan
  4234 | D:4      | Reached skill level 5 in Conjurations
  4428 | D:4      | Noticed Blork the orc
  4432 | D:4      | Killed Blork the orc
  4432 | D:4      | Reached XP level 8. HP: 57/57 MP: 15/15
  4494 | D:4      | Found an ancient bone altar of Kikubaaqudgha.
  4494 | D:4      | Found a deep blue altar of Sif Muna.
  4495 | D:4      | Found a basalt altar of Yredelemnul.
  4656 | D:4      | Noticed Eustachio
  4681 | D:4      | Killed Eustachio
  5029 | D:5      | Entered Level 5 of the Dungeon
  5076 | D:5      | Noticed murphy's ghost (novice CeHu)
  5096 | D:5      | Killed murphy's ghost
  5096 | D:5      | Reached skill level 7 in Fire Magic
  5178 | D:5      | Learned a level 5 spell: Fireball
  5206 | D:5      | Found a shimmering altar of Xom.
  5579 | D:5      | Gained mutation: You are clumsy. (Dex -2) [potion of mutation]
  5579 | D:5      | Gained mutation: Your tail ends in a poisonous barb. [potion of mutation]
  5879 | D:5      | Found a white marble altar of Elyvilon.
  6105 | D:6      | Found an opulent altar of Gozag.
  6128 | D:6      | Reached XP level 9. HP: 58/62 MP: 18/18
  6150 | D:6      | Found a staircase to the Ecumenical Temple.
  6163 | Temple   | Entered the Ecumenical Temple
  6178 | Temple   | Became a worshipper of Vehumet
  6424 | D:6      | Found a blossoming altar of Fedhas.
  6913 | D:7      | Learned a level 3 spell: Dazzling Spray
  7172 | D:7      | Found a sand-covered staircase.
  7181 | Ossuary  | Entered an ossuary
  7324 | Ossuary  | Reached * piety under Vehumet
  7324 | Ossuary  | Offered knowledge of Magic Dart by Vehumet.
  7326 | Ossuary  | Reached skill level 8 in Fire Magic
  7522 | D:7      | Offered knowledge of Freeze by Vehumet.
  8340 | D:8      | Reached ** piety under Vehumet
  8471 | D:8      | Reached skill level 9 in Fire Magic
  8514 | D:8      | Reached XP level 10. HP: 67/69 MP: 15/21
  8618 | D:8      | Noticed a two-headed ogre
  8632 | D:8      | Killed a two-headed ogre
  8756 | D:8      | Got an ivory rapier
  8757 | D:8      | Identified the +6 rapier "Sailat" {pierce, Str+2} (You found it on level 8 of the Dungeon)
  9224 | D:8      | Offered knowledge of Mephitic Cloud by Vehumet.
  9237 | D:8      | Learned a level 3 spell: Mephitic Cloud
  9535 | D:8      | Found an opulent altar of Gozag.
  9889 | D:8      | Noticed a two-headed ogre
  9903 | D:8      | Killed a two-headed ogre
  9903 | D:8      | Reached skill level 10 in Fire Magic
 10164 | D:9      | Reached *** piety under Vehumet
 10603 | D:9      | Reached XP level 11. HP: 67/74 MP: 24/24
 10614 | D:9      | Found a staircase to the Lair.
 10638 | D:9      | Reached skill level 10 in Conjurations
 10677 | D:9      | Offered knowledge of Static Discharge by Vehumet.
 10853 | D:9      | Found a blossoming altar of Fedhas.
 11482 | D:10     | Entered Level 10 of the Dungeon
 11797 | D:10     | Learned a level 3 spell: Stone Arrow
 11826 | D:10     | Noticed an unseen horror
 11831 | D:10     | Killed an unseen horror
 11880 | D:10     | Noticed an unseen horror
 11886 | D:10     | Killed an unseen horror
 11886 | D:10     | Reached skill level 11 in Fire Magic
 11956 | D:10     | Reached **** piety under Vehumet
 12007 | D:10     | Reached skill level 10 in Spellcasting
 12055 | D:10     | Found Luumun's Magic Scroll Boutique.
 12099 | D:10     | Bought a scroll of identify for 30 gold pieces
 12099 | D:10     | Bought a scroll of identify for 30 gold pieces
 12099 | D:10     | Bought a scroll of identify for 30 gold pieces
 12099 | D:10     | Bought a scroll of identify for 30 gold pieces
 12140 | D:10     | Offered knowledge of Iskenderun's Battlesphere by Vehumet.
 12147 | D:10     | Learned a level 5 spell: Iskenderun's Battlesphere
 12360 | D:11     | Noticed a two-headed ogre
 12375 | D:11     | Killed a two-headed ogre
 12398 | D:11     | Found a labyrinth entrance.
 12420 | Lab      | Entered a labyrinth
 13025 | Lab      | Noticed a minotaur
 13036 | Lab      | Killed a minotaur
 13145 | D:11     | Noticed a cyan ugly thing
 13149 | D:11     | Killed a cyan ugly thing
 13470 | D:11     | Lost mutation: Your tail ends in a poisonous barb. [potion of mutation]
 13470 | D:11     | Lost mutation: You are clumsy. (Dex -2) [potion of mutation]
 13470 | D:11     | Gained mutation: You passively map a small area around you. [potion of mutation]
 13470 | D:11     | Gained mutation: You are frail. (-10% HP) [potion of mutation]
 13470 | D:11     | Gained mutation: Your large and strong wings let you fly indefinitely. [potion of mutation]
 13471 | D:11     | Lost mutation: You are frail. (-10% HP) [potion of mutation]
 13471 | D:11     | Lost mutation: Your large and strong wings let you fly indefinitely. [potion of mutation]
 13471 | D:11     | Gained mutation: Your natural rate of healing is unusually fast. [potion of mutation]
 13471 | D:11     | Gained mutation: You heal very quickly. [potion of mutation]
 13689 | D:11     | Reached XP level 12. HP: 68/81 MP: 22/26
 14262 | D:12     | Reached skill level 12 in Fire Magic
 14312 | D:12     | Reached skill level 1 in Fighting
 14614 | D:12     | Identified Zomimp's Grimoire of Shifting Cold
 14778 | D:12     | Got a brightly glowing halberd
 14781 | D:12     | Identified the Compendium of Torrid Transmigration
 14795 | D:12     | Noticed a two-headed ogre
 14814 | D:12     | Found a staircase to the Orcish Mines.
 14894 | D:11     | Identified the +7 halberd of Razur {drain, rElec} (You found it on level 12 of the Dungeon)
 14917 | D:11     | Killed a two-headed ogre
 15150 | D:12     | Found a portal to a secret trove of treasure.
 15382 | Lair:1   | Entered Level 1 of the Lair of Beasts
 15447 | Lair:1   | Noticed grindst0ne's ghost (journeyman CeHu)
 15462 | Lair:1   | Killed grindst0ne's ghost
 16297 | Lair:2   | Noticed Urug
 16314 | Lair:2   | Killed Urug
 16674 | Lair:2   | Reached ***** piety under Vehumet
 16910 | Lair:2   | Noticed Erica
 16921 | Lair:2   | Killed Erica
 17318 | Lair:3   | Reached XP level 13. HP: 94/99 MP: 28/28
 17356 | Lair:3   | Offered knowledge of Iron Shot by Vehumet.
 17364 | Lair:3   | Learned a level 6 spell: Iron Shot
 17657 | Lair:3   | Reached skill level 1 in Earth Magic
 17664 | Lair:3   | Reached skill level 5 in Fighting
 18131 | Lair:3   | Found a staircase to the Swamp.
 18666 | Lair:4   | Reached skill level 5 in Dodging
 18838 | Lair:4   | Found a staircase to the Snake Pit.
 19273 | Lair:4   | You fall through a shaft for 2 floors!
 19273 | Lair:6   | Entered Level 6 of the Lair of Beasts
 19305 | Lair:6   | Reached skill level 13 in Fire Magic
 19448 | Lair:6   | Noticed Torious's ghost (journeyman DECj)
 19451 | Lair:6   | Found a staircase to the Slime Pits.
 19592 | Lair:5   | HP: 4/102 [black mamba (4)]
 19593 | Lair:5   | Slain by a spiny frog

Skill      XL: |  1  2  3  4  5  6  7  8  9 10 11 12 13 |
---------------+----------------------------------------+-----
Conjurations   | 2 3 4 5 6 8 9 11 12 | 12.5
Spellcasting   | 3 4 5 6 7 9 10 11 | 11.8
Fire Magic     | 4 5 6 7 9 10 11 12 13 | 13.0
Fighting       | 4 6 |  6.1
Dodging        | 4 5 |  5.5
Earth Magic    | 4 |  4.2
Stealth        | |  1.7

Action                   |  1- 3 |  4- 6 |  7- 9 | 10-12 | 13-15 || total
-------------------------+-------+-------+-------+-------+-------++-------
Melee: Club              |    78 |       |       |       |       ||    78
       Unarmed           |     8 |       |       |       |       ||     8
       Tailslap          |     9 |     1 |    22 |    22 |     5 ||    59
       Spear             |    40 |    40 |    55 |       |       ||   135
       Trident           |       |       |   310 |    52 |       ||   362
       Rapier            |       |       |       |   241 |       ||   241
       Halberd           |       |       |       |    89 |    28 ||   117
       Staff             |       |       |       |     8 |    15 ||    23
 Cast: Flame Tongue      |     9 |    63 |    84 |   125 |   144 ||   425
       Sticky Flame      |       |       |    36 |    83 |    51 ||   170
       Conjure Flame     |       |       |     2 |     5 |     3 ||    10
       Fireball          |       |       |       |    31 |    13 ||    44
       Stone Arrow       |       |       |       |    38 |       ||    38
       Iskenderun's Batt |       |       |       |     4 |     1 ||     5
       Mephitic Cloud    |       |       |       |     3 |     1 ||     4
       Dazzling Spray    |       |       |       |       |     3 ||     3
  Use: Potion            |       |     1 |     2 |     6 |     3 ||    12
       Scroll            |       |       |    14 |    16 |     3 ||    33
 Stab: Sleeping          |     7 |     4 |    16 |     1 |       ||    28
       Distracted        |     1 |       |       |       |       ||     1
  Eat: Chunk             |     2 |     6 |    19 |    27 |     9 ||    63
       Royal jelly       |       |       |     2 |     5 |       ||     7
       Bread ration      |       |       |       |     1 |       ||     1
Armor: Skin              |    42 |    29 |   237 |   331 |    75 ||   714
Dodge: Dodged            |    90 |    52 |   293 |   432 |   151 ||  1018
